 Dungeon Crawl Stone Soup version 0.28-a0-514-g0d7ab7f379 (webtiles) character file.

Game seed: 4484280518404423565

869 heikuro the Chopper (level 7, 0/62 HPs)
             Began as a Minotaur Berserker on Sept 22, 2021.
             Was a Priest of Trog.
             Slain by a water moccasin skeleton (6 damage)
             ... on level 5 of the Dungeon.
             The game lasted 00:04:37 (4070 turns).

heikuro the Chopper (Minotaur Berserker)            Turns: 4070, Time: 00:04:37

Health: 0/62       AC: 11    Str: 22    XL:     7   Next: 73%
Magic:  6/6        EV:  9    Int:  4    God:    Trog [***...]
Gold:   238        SH:  0    Dex: 11    Spells: 6/6 levels left

rFire   . . .      SeeInvis .   a - +0 hand axe
rCold   . . .      Faith    .   (no shield)
rNeg    . . .      Spirit   .   l - +0 chain mail
rPois   .          Reflect  .   (helmet restricted)
rElec   .          Harm     .   (no cloak)
rCorr   +          Rampage  .   (no gloves)
Will    .....                   r - +0 pair of boots
Stlth   ..........              (no amulet)
HPRegen 0.20/turn               o - ring of resist corrosion
MPRegen 0.10/turn               (no ring)

@: no status effects
A: horns 2, retaliatory headbutt
a: Renounce Religion, Berserk, Trog's Hand


You were on level 5 of the Dungeon.
You worshipped Trog.
Trog was most pleased with you.
You visited 1 branch of the dungeon, and saw 5 of its levels.

You collected 238 gold pieces.

Inventory:

Hand Weapons
 a - a +0 hand axe (weapon)
Missiles
 g - 18 poisoned darts (quivered)
Armour
 l - a +0 chain mail (worn)
 r - a +0 pair of boots (worn)
Jewellery
 o - a ring of resist corrosion (left hand)
 t - a +4 ring of protection
Scrolls
 e - 2 scrolls of enchant weapon {unknown}
 i - 5 scrolls of identify {unknown}
 j - a scroll of enchant armour {unknown}
 k - 2 scrolls of teleportation {unknown}
 p - 3 scrolls of noise {unknown}
 s - 2 scrolls of fog {unknown}
Potions
 b - a potion of experience {unknown}
 c - a potion of degeneration {unknown}
 d - 2 potions of curing
 f - a potion of attraction {unknown}
 h - 3 potions of lignification {unknown}
 m - 2 potions of berserk rage {unknown}
 n - a potion of cancellation {unknown}
 q - a potion of invisibility {unknown}
 u - a potion of heal wounds {unknown}


   Skills:
 + Level 5.9 Fighting
 * Level 7.6 Axes
 + Level 5.2 Armour
 + Level 4.7 Dodging


You had 6 spell levels left.
You didn't know any spells.
Your spell library was empty.

Dungeon Overview and Level Annotations

Branches:
Dungeon (5/15)
 Temple: D:4-7

Altars:
Hepliaklqana
Okawaru
Trog
Vehumet
The Shining One


Innate Abilities, Weirdness & Mutations

You have a pair of horns on your head.
You reflexively headbutt those who attack you in melee.


Message History

You recover from your berserk rage.
You see here a water moccasin corpse.
There is an open door, spattered with blood here.
You close the door.
You hear the rusting of a drain nearby.
There is an open door here.
An orc priest opens the door.
You close the door.
You closely miss the orc priest.
The orc priest mumbles some strange prayers to Beogh against you.
Pain shoots through your body!
* * * LOW HITPOINT WARNING * * *
You are too injured to fight recklessly!
You hit the orc priest. You headbutt the orc priest!
The orc priest is almost dead.
You barely miss the water moccasin skeleton.
The water moccasin skeleton bites you.
* * * LOW HITPOINT WARNING * * *
The orc priest hits you but does no damage.
You slash the orc priest!
You kill the orc priest!
Trog accepts your kill.
You hit the water moccasin skeleton.
The water moccasin skeleton completely misses you.
You furiously retaliate!
You headbutt the water moccasin skeleton!
You hit the water moccasin skeleton but do no damage.
The water moccasin skeleton is moderately damaged.
The water moccasin skeleton bites you.
* * * LOW HITPOINT WARNING * * *
You slash the water moccasin skeleton!
Your headbutt misses the water moccasin skeleton.
The water moccasin skeleton is severely damaged.
The water moccasin skeleton closely misses you.
You furiously retaliate!
You headbutt the water moccasin skeleton.
You hit the water moccasin skeleton.
The water moccasin skeleton is almost destroyed.
The water moccasin skeleton bites you.
You die...

##+##'##†#########..##..#.##
#.........#.######..##..#.#
#.8..8..8.#.........##..# #
#.........#.............#
#####+#####..#...##.#.###
##.# #..#......#... #..#
#..###.######.# #.##
#........# ##
#.######@####...#
#......)Z...#####
#.....:..##.#
#........##.######
#........##......#
#........#########
#........# #........#
#........#


You could see a water moccasin skeleton.

Vanquished Creatures
  2 water moccasins (D:5)
  An ice beast (D:5)
  An ogre (D:5)
  A phantom (D:5)
  A scorpion (D:5)
  A bullfrog (D:4)
  2 orc priests
  A bullfrog skeleton (D:4)
  An orc wizard (D:3)
  Terence (D:3)
  9 adders
  4 dart slugs
  9 orcs
  2 endoplasms
  A giant cockroach (D:4)
  2 goblins
  4 hobgoblins
  2 jackals (D:4)
  7 quokkas
  5 ball pythons
  4 bats
  A frilled lizard (D:2)
  5 kobolds
  A quokka skeleton (D:3)
  8 rats
76 creatures vanquished.

Vanquished Creatures (others)
  2 fungi (D:4)
2 creatures vanquished.

Grand Total: 78 creatures vanquished

Notes
Turn   | Place    | Note
-------+----------+-------------------------------------------
     0 | D:1      | heikuro the Minotaur Berserker began the quest for the Orb.
     0 | D:1      | Reached XP level 1. HP: 19/19 MP: 0/0
   122 | D:1      | Reached XP level 2. HP: 20/27 MP: 1/1
   235 | D:1      | Reached skill level 4 in Axes
   677 | D:1      | Found a faded altar of an unknown god.
  1160 | D:2      | Found an iron altar of Okawaru.
  1178 | D:2      | Reached XP level 3. HP: 31/33 MP: 2/2
  1672 | D:3      | Found a large runed translucent door.
  1682 | D:3      | Reached ** piety under Trog
  1683 | D:3      | Reached XP level 4. HP: 40/40 MP: 3/3
  1916 | D:3      | Found a large runed translucent door.
  2372 | D:3      | Reached skill level 5 in Axes
  2644 | D:3      | Reached XP level 5. HP: 18/47 MP: 4/4
  3007 | D:3      | Noticed Terence
  3013 | D:3      | Killed Terence
  3317 | D:4      | Found a radiant altar of Vehumet.
  3388 | D:3      | Found a glowing golden altar of the Shining One.
  3394 | D:3      | Found a bloodstained altar of Trog.
  3440 | D:4      | Found a hazy altar of Hepliaklqana.
  3600 | D:4      | Reached XP level 6. HP: 51/55 MP: 5/5
  3788 | D:4      | Reached skill level 6 in Axes
  3901 | D:5      | Entered Level 5 of the Dungeon
  3931 | D:5      | Reached skill level 5 in Fighting
  3988 | D:5      | Noticed an ice beast
  3996 | D:5      | Killed an ice beast
  4002 | D:5      | Reached XP level 7. HP: 61/61 MP: 6/6
  4009 | D:5      | Reached *** piety under Trog
  4010 | D:5      | Reached skill level 7 in Axes
  4014 | D:5      | Reached skill level 5 in Armour
  4070 | D:5      | Slain by a water moccasin skeleton

Illustrated notes

Levels and vault maps discovered:
D:1:      amcnicky_arrival_double_pillar, layout_basic,
          shapermc_ecumenical_altar_starsandcircs, minmay_crystal_room,
          hex_large
D:2:      layout_basic, basic_altar
D:3:      layout_loops_corners, jmf_multi_god_temple2, uniq_terence
D:4:      layout_cave_pools, mainiacjoe_overflow_boulevard,
          mainiacjoe_overflow_cross_hatched, serial_forest,
          infiniplex_forest_lined_room_2, infiniplex_forest_straight_3,
          infiniplex_forest_straight_4, infiniplex_forest_end_2
D:5:      minmay_chambers_of_threes, layout_basic, ashenzari_altar_1,
          lemuel_mausoleum_altar_yredelemnul, gammafunk_ghost_stat_death,
          gup_sewer_entry_bubbles, uniq_grinder

Skill      XL: |  1  2  3  4  5  6  7 |
---------------+----------------------+-----
Axes           | 4 5 6 7 |  7.6
Fighting       | 4 5 |  5.9
Armour         | 3 4 5 |  5.2
Dodging        | 3 4 |  4.7

Action                   |  1- 3 |  4- 6 |  7- 9 || total
-------------------------+-------+-------+-------++-------
Melee: Hand axe          |    63 |   107 |    19 ||   189
       Headbutt          |    11 |    18 |     4 ||    33
Throw: Dart              |       |       |     4 ||     4
Invok: Berserk           |     1 |     3 |       ||     4
  Use: Potion            |       |       |     2 ||     2
 Stab: Sleeping          |     2 |       |       ||     2
Armor: Animal skin       |    14 |       |       ||    14
       Chain mail        |     2 |    50 |    14 ||    66
Dodge: Dodged            |    55 |    40 |    14 ||   109

Table legend: (Time is in decaauts)
 A = Elapsed time spent in this place.
 B = Non-inter-level travel time spent in this place.
 C = Inter-level travel time spent in this place.
 D = Time resting spent in this place.
 E = Time spent auto-exploring this place.
 F = Levels seen in this place.
 G = Mean time per level.
                   A        B        C        D        E       F      G
               +--------+--------+--------+--------+--------+-----+--------+
         Total |   4116 |   3865 |    251 |    399 |   2663 |   5 |  823.2 |
       Dungeon |   4116 |   3865 |    251 |    399 |   2663 |   5 |  823.2 |
               +--------+--------+--------+--------+--------+-----+--------+

Top non-repeatable levels by time:
     D:3: 1841 daAuts
     D:1: 1085 daAuts
     D:4: 547 daAuts
     D:2: 467 daAuts
     D:5: 174 daAuts
